 Dungeon Crawl Stone Soup version 0.29.1-13-g9f3cf754e1 (webtiles) character file.

Game seed: 10156108920903337734

6758 FexLirch the Transmogrifier (level 11, -4/63 HPs)
             Began as an Octopode Transmuter on Jan 29, 2023.
             Was a Priest of Cheibriados.
             Killed from afar by a steam dragon (24 damage)
             ... with a ball of steam
             ... on level 9 of the Dungeon on Jan 30, 2023.
             The game lasted 00:29:08 (11164 turns).

FexLirch the Transmogrifier (Octopode Transmuter)  Turns: 11164, Time: 00:29:09

Health: -4/63      AC:  2    Str: 23    XL:     11   Next: 4%
Magic:  20/20      EV: 20    Int: 25    God:    Cheibriados [***...]
Gold:   414        SH:  0    Dex: 23    Spells: 4/22 levels left

rFire   x . .      SeeInvis .     - Unarmed
rCold   + + +      Faith    .   (shield currently unavailable)
rNeg    . . .      Spirit   .   (helmet currently unavailable)
rPois   x          Reflect  .   (no amulet)
rElec   .          Harm     .   h - ring "Pyghexus" {rC++ Str+6}
rCorr   .          Rampage  .   m - ring of ice
Will    .....                   (no ring)
Stlth   ++........              (no ring)
HPRegen 0.20/turn               (no ring)
MPRegen 0.17/turn               (no ring)
                                (no ring)
                                (no ring)

@: spider-form, very slow
A: venomous fangs, almost no armour, (amphibious), 8 rings, tiny, (camouflage
1), (gelatinous body 1), (nimble swimmer 1), (tentacles)
a: End Transformation, Renounce Religion, Bend Time, Temporal Distortion


You were on level 9 of the Dungeon.
You worshipped Cheibriados.
Cheibriados was most pleased with you.
You were a venomous arachnid creature.
You visited 2 branches of the dungeon, and saw 10 of its levels.
You also visited: Ossuary.

You collected 550 gold pieces.
You spent 136 gold pieces at shops.

Inventory:

Hand Weapons
 f - a +3 whip of flaming
 r - the +7 hand axe "Concordance" {freeze, Int+4}
   (You found it on level 2 of the Dungeon)

   It freezes those it strikes, dealing additional cold damage.
   It can also slow down cold-blooded creatures.
   Int:       It affects your intelligence (+4).
Missiles
 d - 2 throwing nets
Jewellery
 h - the ring "Pyghexus" (left front leg) {rC++ Str+6}
   (You acquired it on level 4 of the Dungeon)

   [ring of strength]

   Str:       It affects your strength (+6).
   rC:        It greatly protects you from cold.
 m - a ring of ice (right front leg)
 B - an amulet of guardian spirit
Wands
 x - a wand of iceblast (7)
 C - a wand of paralysis (11)
Scrolls
 a - 3 scrolls of butterflies {unknown}
 b - 4 scrolls of teleportation
 c - a scroll of summoning
 e - 7 scrolls of immolation
 n - a scroll of vulnerability
 p - 2 scrolls of torment {unknown}
 s - 2 scrolls of enchant armour
 w - 5 scrolls of noise
 y - a scroll of magic mapping {unknown}
 z - a scroll of blinking
 A - a scroll of enchant weapon
 E - a scroll of fear {unknown}
 H - a scroll of poison {unknown}
Potions
 g - 2 potions of might
 i - 10 potions of degeneration
 j - 3 potions of brilliance
 k - 4 potions of curing
 l - a potion of heal wounds
 o - a potion of berserk rage {unknown}
 q - 3 potions of magic
 t - a potion of haste
 u - a potion of resistance
 v - 2 potions of lignification
 D - a potion of flight {unknown}
 F - a potion of attraction {unknown}
 G - a potion of invisibility {unknown}


   Skills:
 - Level 1.0 Fighting
 - Level 2.0 Dodging
 - Level 3.0 Unarmed Combat
 + Level 6.3 Spellcasting
 + Level 6.4 Conjurations
 + Level 11.1 Transmutations
 - Level 7.0 Ice Magic
 - Level 5.0 Poison Magic


You had 4 spell levels left.
You knew the following spells:

 Your Spells              Type           Power      Damage    Failure   Level
a - Beastly Appendage     Tmut           100%       N/A       1%          1
b - Wereblood             Tmut           59%        N/A       1%          2
c - Spider Form           Tmut/Pois      48%        N/A       4%          3
d - Ice Form              Ice/Tmut       68%        N/A       8%          4
e - Ignite Poison         Fire/Tmut/Pois 34%        N/A       9%          3
f - Irradiate             Conj/Tmut      25%        3d20      16%         5

Your spell library contained the following spells:

 Spells                   Type           Power      Damage    Failure   Level
 Magic Dart               Conj           100%       1d8       3%          1
 Searing Ray              Conj           78%        2d7       4%          2
 Foxfire                  Conj/Fire      92%        2x1d8     8%          1
 Mephitic Cloud           Conj/Pois/Air  26%        N/A       14%         3
 Conjure Flame            Conj/Fire      23%        6-21      17%         3
 Apportation              Tloc           14%        N/A       19%         1
 Petrify                  Tmut/Erth      35%        N/A       21%         4
 Sublimation of Blood     Necr           7%         N/A       26%         2
 Flame Wave               Conj/Fire      23%        2d8       38%         4
 Fulminant Prism          Conj/Hex       11%        3d9       38%         4
 Sticky Flame             Conj/Fire      23%        2d4       38%         4
 Inner Flame              Hex/Fire       7%         N/A       43%         3
 Tukima's Dance           Hex            7%         N/A       43%         3
 Passage of Golubria      Tloc           7%         N/A       77%         4
 Alistair's Intoxication  Tmut/Pois      32%        N/A       21%         5
 Yara's Violent Unravell  Hex/Tmut       17%        3d8       41%         5
 Freezing Cloud           Conj/Ice/Air   22%        6-21      54%         5


Dungeon Overview and Level Annotations

Branches:
Dungeon (9/15)             Temple (1/1) D:6            Lair (0/5) D:9
Ossuary (visited)
    Orc: D:9-12

Altars:
Ashenzari
Cheibriados
Elyvilon
Gozag
Hepliaklqana
Kikubaaqudgha
Nemelex Xobeh
Okawaru
Uskayaw
Wu Jian
Xom
Yredelemnul
The Shining One
Jiyva

Shops:
D:1 [   D:5 (?

Annotations:
D:5 Grinder
D:8 2 transporters


Innate Abilities, Weirdness & Mutations

You are a venomous arachnid creature.
You have poisonous fangs.
You are tiny and dextrous.
Your spellcasting is less reliable in this form.
Your armour is entirely melded.
You are incapable of wielding weapons or throwing items.
You cannot wear most types of armour.
((You are amphibious.))
You can wear up to eight rings at the same time.
((Your skin changes colour to match your surroundings (Stealth+).))
((Your rubbery body absorbs attacks. (AC +1, EV +1)))
((You are camouflaged when in or above water. (Stealth+)))
((You have tentacles for arms and can constrict up to eight enemies at once.))


Message History

The yak gores you!
You punch the yak! You freeze the yak.
You feel a bit better.
You kill the yak!
Cheibriados appreciates the change of pace.
You howl as the wereblood boils in your veins!
You howl as the wereblood boils in your veins!
You howl as the wereblood boils in your veins!
Your primal bloodlust is almost over.
Your primal bloodlust has ended.
Your transformation is almost over.
You warm up again.
You see here a yak corpse.
Found a sling.
A steam dragon comes into view.
A steam dragon is nearby!
Casting: Wereblood (safe; 1% risk of failure)
Confirm with . or Enter, or press ? or * to list all spells.
Okay, then.
Casting: Wereblood (safe; 1% risk of failure)
Confirm with . or Enter, or press ? or * to list all spells.
You turn into a venomous arachnid creature.
You see here a yak corpse.
Magic restored.
Found a stone staircase leading down.
The steam dragon hisses angrily.
The steam dragon breathes steam at you. The ball of steam hits you!!
The steam scalds you terribly!
You hit the steam dragon.
The steam dragon is poisoned.
The steam dragon is lightly wounded.
The steam dragon breathes steam at you. The ball of steam hits you.
The steam scalds you terribly!
You hit the steam dragon.
The steam dragon looks as sick as possible!
The steam dragon is lightly wounded.
You are engulfed in a cloud of scalding steam.
The steam dragon bites you. The steam dragon closely misses you.
The steam dragon closely misses you. The steam dragon barely misses you.
The steam dragon breathes steam at you. The ball of steam hits you!!
The steam scalds you terribly!
You die...

..... #... ##### #... #..#
>.. #..# .... # #..# ..... ##
#######..# ...^. #.
.........#+###..... ####
#...........s...§§......##.#.
#...........D§§§§..§...##_.'.
#...............§§##### ##.#.
.........######.# ####
........# #.# #. #......#
#.## ## #).....# #..# #
#......# #..# #......#
#..###+##+###


You could see a steam dragon (extremely poisoned, catching breath).

Vanquished Creatures
  Harold (D:9)
  A two-headed ogre (D:8)
  A troll (D:9)
  4 yaks (D:9)
  A wyvern (D:8)
  5 water moccasins
  An orc warrior (D:9)
  3 black bears
  An ice beast (D:5)
  3 ogres
  5 centaurs
  A phantom (D:5)
  3 bullfrogs (D:7)
  4 kobold brigands
  2 necrophages
  2 scorpions
  9 wights
  9 killer bees (D:9)
  A centaur zombie (D:8)
  9 hounds
  2 human zombies (Ossuary)
  A jelly (D:5)
  An orc priest (D:7)
  A gnoll bouda (D:9)
  An iguana (D:7)
  4 mummies (Ossuary)
  A howler monkey zombie (D:8)
  A gnoll (D:9)
  6 adders
  A shadow imp (D:6)
  A white imp (D:7)
  An ufetubus (D:5)
  2 worms (D:2)
  A dart slug (D:4)
  16 orcs
  7 bats
  6 endoplasms
  A gnoll zombie (Ossuary)
  5 goblins
  11 hobgoblins
  22 kobolds
  3 quokkas (D:1)
  6 ball pythons
  4 frilled lizards
  A goblin zombie (Ossuary)
  2 hobgoblin zombies (Ossuary)
  A kobold zombie (Ossuary)
  An orc zombie (Ossuary)
  7 rats
183 creatures vanquished.

Vanquished Creatures (collateral kills)
  A two-headed ogre (D:8)
  A wight (D:8)
  A white imp (D:8)
3 creatures vanquished.

Vanquished Creatures (others)
  5 fungi (D:9)
  35 plants (D:9)
40 creatures vanquished.

Grand Total: 226 creatures vanquished

Notes
Turn   | Place    | Note
-------+----------+-------------------------------------------
     0 | D:1      | FexLirch the Octopode Transmuter began the quest for the
                  | Orb.
     0 | D:1      | Reached XP level 1. HP: 13/13 MP: 3/3
    44 | D:1      | Found Weileto's Antique Armour Emporium.
   251 | D:1      | Reached XP level 2. HP: 18/18 MP: 3/5
   498 | D:1      | Learned a level 2 spell: Wereblood
   831 | D:1      | Reached skill level 3 in Transmutations
   874 | D:2      | Found a faded altar of an unknown god.
   881 | D:2      | Reached XP level 3. HP: 23/23 MP: 4/6
  1277 | D:2      | Identified the +7 hand axe "Concordance" {freeze, Int+4}
  1791 | D:2      | You fall into a shaft and drop 1 floor!
  1800 | D:3      | Identified the +2 robe "Gotwirucej" {Fly rC+ Will+++ Str-4
                  | Dex-3}
  1813 | D:3      | Reached XP level 4. HP: 20/28 MP: 1/8
  2541 | D:3      | Reached skill level 4 in Transmutations
  3289 | D:4      | Learned a level 3 spell: Spider Form
  3297 | D:4      | Noticed a black bear
  3319 | D:4      | Killed a black bear
  3320 | D:4      | Reached XP level 5. HP: 18/33 MP: 4/10
  3368 | D:4      | Reached XP level 6. HP: 27/38 MP: 7/11
  3405 | D:4      | Reached skill level 5 in Transmutations
  3405 | D:4      | Noticed a water moccasin
  3416 | D:4      | Killed a water moccasin
  3477 | D:4      | Found a hide-covered altar of Uskayaw.
  3596 | D:4      | Found a sand-covered staircase.
  3610 | D:4      | Reached XP level 7. HP: 13/43 MP: 8/13
  3635 | Ossuary  | Entered an ossuary
  3882 | Ossuary  | Learned a level 4 spell: Ice Form
  4266 | Ossuary  | Reached skill level 1 in Ice Magic
  4719 | D:4      | Identified a scroll of acquirement
  4720 | D:4      | Acquired the ring "Pyghexus" {rC++ Str+6}
  4745 | D:5      | Entered Level 5 of the Dungeon
  4762 | D:5      | Reached skill level 5 in Spellcasting
  4762 | D:5      | Reached skill level 6 in Transmutations
  5346 | D:5      | Reached XP level 8. HP: 35/48 MP: 11/15
  5508 | D:5      | Found a sparkling altar of Nemelex Xobeh.
  5878 | D:5      | Found Poinamel's Weapon Boutique.
  5903 | D:5      | Found Mouhuod's Magic Scroll Shop.
  5908 | D:5      | Bought a scroll of blinking for 97 gold pieces
  5908 | D:5      | Bought a scroll of teleportation for 39 gold pieces
  5931 | D:5      | Reached skill level 7 in Transmutations
  5962 | D:5      | Found an iron altar of Okawaru.
  5963 | D:5      | Noticed Grinder
  6054 | D:6      | Learned a level 3 spell: Ignite Poison
  6092 | D:6      | Found a shimmering altar of Xom.
  6478 | D:6      | Found a white marble altar of Elyvilon.
  6508 | D:6      | Reached skill level 5 in Ice Magic
  6642 | D:6      | Found a staircase to the Ecumenical Temple.
  6682 | Temple   | Entered the Ecumenical Temple
  6713 | Temple   | Became a worshipper of Cheibriados the Contemplative
  6817 | D:6      | Reached skill level 8 in Transmutations
  7511 | D:7      | Reached skill level 1 in Poison Magic
  7511 | D:7      | Reached XP level 9. HP: 53/53 MP: 8/16
  8625 | D:8      | Noticed a great orb of eyes
  8658 | D:8      | Reached * piety under Cheibriados
  8790 | D:8      | Found a viscous altar of Jiyva.
  8805 | D:8      | Reached skill level 9 in Transmutations
  8811 | D:8      | Learned a level 5 spell: Irradiate
  8826 | D:8      | Reached skill level 1 in Conjurations
  8860 | D:8      | Found a transporter.
  8973 | D:8      | Noticed a two-headed ogre
  8979 | D:8      | Killed a two-headed ogre
  8980 | D:8      | Reached XP level 10. HP: 29/58 MP: 5/17
  9358 | D:8      | Found a basalt altar of Yredelemnul.
  9426 | D:8      | Reached skill level 5 in Poison Magic
  9702 | D:8      | Found a transporter.
  9714 | D:8      | Noticed a two-headed ogre
  9731 | D:8      | Killed a two-headed ogre
  9732 | D:8      | Reached skill level 10 in Transmutations
 10134 | D:9      | Found a staircase to the Lair.
 10187 | D:9      | Reached ** piety under Cheibriados
 10370 | D:9      | Noticed Harold
 10379 | D:9      | Killed Harold
 10380 | D:9      | Reached skill level 5 in Conjurations
 10551 | D:9      | Reached *** piety under Cheibriados
 10906 | D:9      | Found a hazy altar of Hepliaklqana.
 10909 | D:9      | Found an opulent altar of Gozag.
 10914 | D:9      | Found a glowing golden altar of the Shining One.
 10968 | D:9      | Reached skill level 11 in Transmutations
 10972 | D:9      | Reached XP level 11. HP: 52/63 MP: 15/20
 11164 | D:9      | Killed from afar by a steam dragon

Illustrated notes

Levels and vault maps discovered:
D:1:      dpeg_arrival_ternary, layout_basic, serial_shops, shop,
          feat_on_display
D:2:      layout_rooms, hellmonk_ecumenical_altar_pennies_from_heaven,
          minivault_26
D:3:      layout_loops_corners, nrook_mini_vaults, minmay_distorted
D:4:      layout_basic, mainiacjoe_overflow_cross_hatched,
          nicolae_ossuary_entry_false_entrances, solitary_fountain,
          minmay_surrounded
D:5:      layout_gridville, nemelex_spade_bored_becter, okawaru_gym_becter,
          serial_shops, shop, kennysheep_little_box, uniq_eustachio,
          uniq_grinder
D:6:      layout_basic, mainiacjoe_overflow_chevrons, lemuel_tele_altar,
          minmay_temple_entry_slanted
D:7:      layout_basic, hangedman_glass_teeth
D:8:      gammafunk_jiyva_shrine, layout_cave_pools,
          lemuel_zombie_altar_yredelemnul, lemuel_flame_loot_1
D:9:      kennysheep_housing_project, layout_irregular_city,
          grunt_temple_overflow_diamond, dpeg_oklobed_lair, uniq_harold
Temple:   hellmonk_temple_flake

Skill      XL: |  1  2  3  4  5  6  7  8  9 10 |
---------------+-------------------------------+-----
Transmutations | 3 4 5 6 8 9 11 | 11.1
Spellcasting   | 3 4 5 6 |  6.3
Ice Magic      | 3 5 7 |  7.0
Poison Magic   | 1 4 5 |  5.0
Conjurations   | 2 6 |  6.4
Fighting       | |  1.0
Dodging        | |  2.0
Unarmed Combat | |  3.0

Action                   |  1- 3 |  4- 6 |  7- 9 | 10-12 || total
-------------------------+-------+-------+-------+-------++-------
Melee: Unarmed           |    67 |    82 |   244 |   147 ||   540
       Kick              |    16 |    18 |    20 |       ||    54
       Constrict         |    19 |    16 |    13 |       ||    48
       Tentacles         |    12 |    16 |    17 |       ||    45
       Punch             |     3 |     3 |     1 |       ||     7
 Cast: Beastly Appendage |    29 |    15 |    10 |       ||    54
       Wereblood         |     1 |     6 |    29 |    10 ||    46
       Spider Form       |       |     3 |    12 |     3 ||    18
       Ice Form          |       |       |    14 |    10 ||    24
       Ignite Poison     |       |       |     1 |       ||     1
       Irradiate         |       |       |       |     2 ||     2
  Use: Scroll            |       |     3 |     7 |     4 ||    14
       Potion            |       |     4 |       |     3 ||     7
 Stab: Sleeping          |     4 |     4 |       |       ||     8
Armor: Skin              |     9 |     8 |    58 |   125 ||   200
Dodge: Dodged            |    39 |    68 |   117 |   142 ||   366
